 Dungeon Crawl Stone Soup version 0.28.0 (webtiles) character file.

Game seed: 17466006009623943339

9 Crownlay the Bolt Thrower (level 2, 0/17 HPs)
             Began as a Kobold Hunter on Feb 17, 2022.
             Hit by a stone thrown by a hobgoblin (3 damage)
             ... on level 1 of the Dungeon.
             The game lasted 00:01:05 (521 turns).

Crownlay the Bolt Thrower (Kobold Hunter)            Turns: 521, Time: 00:01:06

Health: 0/17       AC:  4    Str:  9    XL:     2   Next: 25%
Magic:  2/2        EV: 14    Int: 12    God:
Gold:   13         SH:  0    Dex: 15    Spells: 1/1 levels left

rFire   . . .      SeeInvis .   g - +0 dagger (drain)
rCold   . . .      Faith    .   (no shield)
rNeg    . . .      Spirit   .   c - +0 leather armour
rPois   .          Reflect  .   e - +1 hat
rElec   .          Harm     .   (no cloak)
rCorr   .          Rampage  .   (no gloves)
Will    .....                   (no boots)
Stlth   +++.......              (no amulet)
HPRegen 0.05/turn               (no ring)
MPRegen 0.08/turn               (no ring)

@: no status effects
A: small, no large weapons, nightstalker 3
a: no special abilities


You were on level 1 of the Dungeon.
You visited 1 branch of the dungeon, and saw 1 of its levels.

You collected 13 gold pieces.

Inventory:

Hand Weapons
 a - a +1 hand crossbow
 g - a +0 dagger of draining (weapon)
Missiles
 d - 20 bolts
Armour
 c - a +0 leather armour (worn)
 e - a +1 hat (worn)
Potions
 f - a potion of heal wounds {unknown}


   Skills:
 - Level 2.1 Fighting
 * Level 1.6 Short Blades
 + Level 5.0 Crossbows
 - Level 2.4 Dodging
 + Level 2.0 Stealth


You had one spell level left.
You didn't know any spells.
Your spell library was empty.

Dungeon Overview and Level Annotations

Branches:
Dungeon (1/15)

Altars:


Innate Abilities, Weirdness & Mutations

You are small and have problems with some larger weapons.
You are completely attuned to the shadows.


Message History

You barely miss the goblin. The goblin barely misses you.
You closely miss the goblin. The goblin closely misses you.
You closely miss the goblin. The goblin barely misses you.
You hit the goblin but do no damage. The goblin hits you but does no damage.
You hit the goblin.
You kill the goblin!
The ball python bites you but does no damage.
The ball python barely misses you.
Your life force feels restored.
You closely miss the ball python. The ball python closely misses you. x2
You hit the ball python.
You kill the ball python!
Your Crossbows skill increases to level 5!
Your Stealth skill increases to level 2!
Things that are here:
a +0 dagger; a +0 dagger of draining
g - a +0 dagger of draining You sense an unholy aura.
g - a +0 dagger of draining (weapon)
You drop a +0 short sword.
A hobgoblin comes into view. It is wielding a +0 rapier.
The hobgoblin shouts!
The hobgoblin hits you with a +0 rapier!
You are too injured to fight recklessly!
You are too injured to fight recklessly!
You are too injured to fight recklessly!
You are too injured to fight recklessly!
You are too injured to fight recklessly!
You barely miss the hobgoblin.
The hobgoblin hits you with a +0 rapier.
You barely miss the hobgoblin.
The hobgoblin hits you with a +0 rapier.
* * * LOW HITPOINT WARNING * * *
You hit the hobgoblin but do no damage. You closely miss the hobgoblin.
The hobgoblin hits you with a +0 rapier.
* * * LOW HITPOINT WARNING * * *
The hobgoblin closely misses you.
The hobgoblin throws a stone.
The stone hits you.
You die...

..... .. #.#.#### #.#
###.#.##.###.# ....
#............# ....
#.#.#.##.##..# #..
#.#.#.##.##..#########
##..##)#.#.##.##..........#
.....#.#.#.##.##.#.########
.........g..@....#.#
.....#.#.#.##.####.#
...)..........)....#
.....#.#.#.##.###..#
######.#.#.##.# #..# #####
#.. .##.# #..# #...#
#.###.##.# #..# #...#
#.#......# #..# #...#
#.#.#.##.# #..#


You could see a hobgoblin.

Vanquished Creatures
  3 goblins (D:1)
  A hobgoblin (D:1)
  A kobold (D:1)
  2 ball pythons (D:1)
  A bat (D:1)
8 creatures vanquished.

Vanquished Creatures (others)
  A plant (D:1)
1 creature vanquished.

Grand Total: 9 creatures vanquished

Notes
Turn   | Place    | Note
-------+----------+-------------------------------------------
     0 | D:1      | Crownlay the Kobold Hunter began the quest for the Orb.
     0 | D:1      | Reached XP level 1. HP: 12/12 MP: 1/1
   223 | D:1      | Reached skill level 1 in Short Blades
   315 | D:1      | Reached XP level 2. HP: 6/16 MP: 2/2
   323 | D:1      | Reached skill level 5 in Crossbows
   521 | D:1      | Hit by a stone thrown by a hobgoblin

Illustrated notes

Levels and vault maps discovered:
D:1:      minmay_arrival_widening_spiral_wide, layout_basic,
          shapermc_ecumenical_altar_rom_forum, minmay_misc_feat_pillars,
          minmay_tromino_mix6

Skill      XL: |  1  2 |
---------------+-------+-----
Short Blades   | 1 |  1.6
Crossbows      | 5 |  5.0
Stealth        | 2 |  2.0
Fighting       | |  2.1
Dodging        | |  2.4

Action                   || total
-------------------------++-------
Melee: Short sword       ||    29
       Dagger            ||     4
 Stab: Sleeping          ||     2
Armor: Leather armour    ||     9
Dodge: Dodged            ||    25
